 Dungeon Crawl Stone Soup version 0.24.1-4-ge52af88ad5 (webtiles) character file.

Game seed: 18419082933751226352, levelgen mode: deterministic

139 H0rd4k the Charlatan (level 5, -9/38 HPs)
             Began as a Human Artificer on Apr 15, 2020.
             Killed by divine providence
             ... invoked by an orc priest
              (11 damage)
             ... on level 6 of the Dungeon.
             The game lasted 00:02:09 (1324 turns).

H0rd4k the Charlatan (Human Artificer)              Turns: 1324, Time: 00:02:10

Health: -9/38      AC:  3    Str: 13    XL:     5   Next: 46%
Magic:  7/7        EV: 12    Int: 12    God:
Gold:   53         SH:  0    Dex: 13    Spells: 4/4 levels left

rFire    . . .     SeeInvis .   j - +2 dagger (flame)
rCold    . . .     Gourm    .   (no shield)
rNeg     . . .     Faith    .   b - +0 leather armour
rPois    .         Spirit   .   (no helmet)
rElec    .         Reflect  .   (no cloak)
rCorr    .         Harm     .   (no gloves)
MR       .....                  (no boots)
Stlth    ++........             (no amulet)
HPRegen  0.12/turn              (no ring)
MPRegen  0.10/turn              (no ring)

@: no status effects
A: no striking features
a: no special abilities


You were on level 6 of the Dungeon.
You were not hungry.

You visited 1 branch of the dungeon, and saw 4 of its levels.

You collected 53 gold pieces.

Inventory:

Hand Weapons
 a - a +0 short sword
 j - a +2 dagger of flaming (weapon)
Armour
 b - a +0 leather armour (worn)
Wands
 c - a wand of flame (7)
 d - a wand of enslavement (8)
 e - a wand of random effects (13)
Scrolls
 g - 4 scrolls of teleportation {unknown}
 h - a scroll of immolation {unknown}
 k - a scroll of remove curse {unknown}
Potions
 i - 2 potions of cancellation {unknown}
Comestibles
 f - 3 rations


   Skills:
 + Level 1.9 Fighting
 + Level 2.5 Short Blades
 + Level 1.7 Armour
 + Level 2.4 Dodging
 + Level 1.5 Stealth
 + Level 3.9 Evocations


You had 4 spell levels left.
You didn't know any spells.
Your spell library was empty.

Dungeon Overview and Level Annotations

Branches:
Dungeon (2/15)

Altars:


Message History

An orc comes into view. It is wielding a +0 whip.
An orc priest comes into view. It is wielding a +0 mace.
The orc hits you with a +0 hand axe.
The orc hits your iguana but does no damage.
Your iguana bites the orc!
The orc dies!
You see here a scroll labeled HIGEUMPATO.
What are your orders? t - Shout!
Orders for allies: a - Attack new target. p - Attack previous target. r - Retreat! s - Stop attacking. g - Guard the area. f - Follow me.
Anything else - Cancel.
Guard this area!
The orc priest mumbles some strange prayers to Beogh against you.
Beogh smites you!
* * * LOW HITPOINT WARNING * * *
The orc priest invokes the aid of Beogh against you.
Beogh smites you!
You die...

#.# ###
#.#.#######...a
#.###.###.#..
#....###
#.........####
#.#+## #
#####.##### #....#
# #..### ......##
##.#.## .......#
#.l..####.........
#.?..o..o.........
#@...####.........
#.#.## .......#
.#.## #.....## .#
#. ##...# .# #.
##+# .# #. ## ##


You could see an orc priest, an orc and a friendly iguana.

Vanquished Creatures
  A worker ant (D:4)
  A howler monkey skeleton (D:6)
  A dart slug (D:1)
  2 orcs (D:6)
  6 goblins (D:1)
  5 hobgoblins (D:1)
  A quokka (D:6)
  A ball python (D:1)
  3 bats (D:1)
  3 kobolds (D:1)
  4 rats (D:1)
28 creatures vanquished.

Vanquished Creatures (collateral kills)
  Sigmund (D:6)
  2 orcs (D:6)
3 creatures vanquished.

Vanquished Creatures (others)
  An orc priest (D:6)
  A worker ant (D:6)
2 creatures vanquished.

Grand Total: 33 creatures vanquished

Notes
Turn   | Place    | Note
-------+----------+-------------------------------------------
     0 | D:1      | H0rd4k the Human Artificer began the quest for the Orb.
     0 | D:1      | Reached XP level 1. HP: 15/15 MP: 3/3
   124 | D:1      | Reached XP level 2. HP: 10/21 MP: 4/4
   630 | D:1      | Reached XP level 3. HP: 26/26 MP: 5/5
   884 | D:2      | You fall into a shaft and drop 2 floors!
   901 | D:4      | Reached XP level 4. HP: 15/32 MP: 6/6
  1066 | D:4      | You fall into a shaft and drop 2 floors!
  1074 | D:6      | Reached skill level 1 in Armour
  1268 | D:6      | Noticed Sigmund
  1288 | D:6      | Killed Sigmund
  1288 | D:6      | Reached XP level 5. HP: 14/38 MP: 7/7
  1324 | D:6      | Killed from afar by an orc priest

Levels and vault maps discovered:
D:1:      dpeg_arrival_rooms_b, layout_basic
D:2:      layout_rooms, lemuel_crystal_altar, minmay_small_reverse_x, uniq_robin
D:4:      layout_basic, minmay_misc_feat_roman
D:6:      layout_loops_corners, kennysheep_little_box, uniq_sigmund

Skill      XL: |  1  2  3  4 |
---------------+-------------+-----
Armour         | 1 |  1.7
Short Blades   | 2 |  2.5
Fighting       | |  1.9
Dodging        | |  2.4
Stealth        | |  1.5
Evocations     | |  3.9

Action                   |  1- 3 |  4- 6 || total
-------------------------+-------+-------++-------
Melee: Short sword       |    83 |       ||    83
       Dagger            |     5 |    14 ||    19
Evoke: Wand              |     3 |    14 ||    17
 Stab: Sleeping          |     3 |       ||     3
  Eat: Chunk             |       |     1 ||     1
Armor: Leather armour    |    21 |     4 ||    25
Dodge: Dodged            |    45 |    17 ||    62
